 Dungeon Crawl Stone Soup version 0.32-a0-329-ge6c31236d6 (webtiles) character file.

Game seed: 7661070473301239535

70 Newt the Trooper (level 4, 0/38 HPs)
             Began as a Barachi Fighter on Feb 16, 2024.
             Slain by a gnoll
             ... wielding a +0 club
              (7 damage)
             ... on level 2 of the Dungeon.
             The game lasted 00:01:19 (1198 turns).

Newt the Trooper (Barachi Fighter)                  Turns: 1198, Time: 00:01:19

Health: 0/38       AC:  6    Str: 18    XL:     4   Next: 22%
Magic:  4/4        EV:  9    Int:  8    God:
Gold:   33         SH:  4    Dex: 13    Spells: 3/3 levels left

rFire   . . .        a - +0 long sword
rCold   . . .        c - +0 buckler
rNeg    . . .        b - +0 scale mail
rPois   .            (no helmet)
rElec   .            (no cloak)
rCorr   .            (no gloves)
SInv    .            (no boots)
Will    .....        (no amulet) Stlth
                     (no ring)
HPRegen 0.26/turn    (no ring)
MPRegen 0.09/turn

%: no passive effects
@: mighty, slow
A: amphibious, slowness 1, strong legs 1, +LOS
a: Hop


You were on level 2 of the Dungeon.
You visited 1 branch of the dungeon, and saw 2 of its levels.

You collected 33 gold pieces.

Inventory:

Hand Weapons
 a - a +0 long sword (weapon)
Missiles
 g - 8 poisoned darts
 h - 2 atropa-tipped darts
Armour
 b - a +0 scale mail (worn)
 c - a +0 buckler (worn)
Talismans
 k - a beast talisman
Scrolls
 e - a scroll of teleportation
 f - 2 scrolls of poison
Potions
 i - a potion of heal wounds {unknown}
 j - a potion of enlightenment {unknown}
 l - a potion of magic {unknown}
 m - 2 potions of mutation {unknown}


   Skills:
 + Level 4.5 Fighting
 * Level 4.5 Long Blades
 - Level 3.6 Armour
 - Level 3.2 Shields


You had 3 spell levels left.
You didn't know any spells.
Your spell library contained the following spells:

 Spells                   Type           Power      Damage    Failure   Level
 Blink                    Tloc           0%         N/A       95%         2
 Static Discharge         Conj/Air       0%         3-3/arc   95%         2
 Sublimation of Blood     Necr           0%         N/A       95%         2
 Gell's Gravitas          Tloc           0%         N/A       99%         3
 Airstrike                Air            0%         2d(0-16)  100%        4
 Petrify                  Alch/Erth      0%         N/A       100%        4
 Sticky Flame             Fire/Alch      0%         2d4       100%        4
 Summon Lightning Spire   Summ/Air       0%         N/A       100%        4
 Irradiate                Conj/Alch      0%         3d11      100%        5
 Yara's Violent Unravell  Hex/Alch       0%         3d3       100%        5


Dungeon Overview and Level Annotations

Branches:
Dungeon (2/15)

Altars:


Innate Abilities, Weirdness & Mutations

You are amphibious.
You cover ground slowly.
You can hop short distances.
You have an extended range of vision and can be seen from far away.


Message History

The gnoll hits you from afar with a +0 spear.
The gnoll closely misses you. The gnoll attacks as it pursues you!
The gnoll hits you but does no damage.
A goblin comes into view. It is wielding a +0 club.
The goblin shouts!
The gnoll attacks as it pursues you! The gnoll closely misses you.
The gnoll closely misses you. The goblin closely misses you.
You miss the goblin.
The gnoll hits you from afar with a +0 spear.
The goblin hits you with a +0 club.
You slash the goblin!
You kill the goblin!
The gnoll hits you from afar with a +0 spear!
The gnoll closely misses you.
Things that are here:
a +0 club; a goblin corpse The gnoll attacks as it pursues you!
The gnoll closely misses you.
Okay, then.
You feel very mighty all of a sudden. The gnoll hits you but does no damage.
The gnoll closely misses you.
Unknown command.
You closely miss the gnoll. You block the gnoll's attack.
The gnoll hits you from afar with a +0 spear.
The gnoll barely misses you.
Unknown command.
You barely miss the gnoll.
The gnoll hits you from afar with a +0 spear.
The gnoll misses you.
You slash the gnoll!
You kill the gnoll!
The gnoll hits you from afar with a +0 spear.
* * * LOW HITPOINT WARNING * * *
The gnoll hits you from afar with a +0 spear.
* * * LOW HITPOINT WARNING * * *
Unknown command.
You slash the gnoll!
The gnoll is heavily wounded.
The gnoll hits you with a +0 club!
You die...

#### ..... . .#...# :.
.....####### ###### ..
#......g##.....# ##.
####....gg@.....#
...####....######.....#
#.).....###### .....#
.............# ######
#.##.........#
#.##.........#
#.##.g.......#
#.###g.######..
††###.## #.##


You could see 3 gnolls.

Vanquished Creatures
  A gnoll (D:2)
  2 adders
  3 dart slugs
  3 endoplasms
  2 goblins
  3 hobgoblins (D:1)
  A quokka (D:2)
  3 ball pythons
  2 kobolds
  2 rats (D:2)
22 creatures vanquished.

Notes
Turn   | Place    | Note
-------+----------+-------------------------------------------
     0 | D:1      | Newt the Barachi Fighter began the quest for the Orb.
     0 | D:1      | Reached XP level 1. HP: 18/18 MP: 1/1
   104 | D:1      | Reached XP level 2. HP: 25/25 MP: 2/2
   402 | D:1      | Got the Secrets of Relocated Melanosis
   641 | D:1      | Reached XP level 3. HP: 30/30 MP: 3/3
  1173 | D:2      | Reached XP level 4. HP: 38/38 MP: 4/4
  1198 | D:2      | Slain by a gnoll

Illustrated notes

Levels and vault maps discovered:
D:1:      psy_arrival_whirlpool, layout_loops_ring
D:2:      layout_rooms, minmay_lizard_king

Skill      XL: |  1  2  3 |
---------------+----------+-----
Long Blades    | 3 4 |  4.5
Fighting       | 4 |  4.5
Armour         | |  3.6
Shields        | |  3.2

Action                     |  1- 3 |  4- 6 || total
---------------------------+-------+-------++-------
  Melee: Long sword        |    61 |     6 ||    67
Ability: Hop               |     1 |       ||     1
    Use: Scroll            |     2 |       ||     2
         Potion            |       |     1 ||     1
 Armour: Scale mail        |    46 |    11 ||    57
  Dodge: Dodged            |    29 |     9 ||    38
  Block: Buckler           |    11 |     1 ||    12

Table legend: (Time is in decaauts)
 A = Elapsed time spent in this place.
 B = Non-inter-level travel time spent in this place.
 C = Inter-level travel time spent in this place.
 D = Time resting spent in this place.
 E = Time spent auto-exploring this place.
 F = Levels seen in this place.
 G = Mean time per level.
                   A        B        C        D        E       F      G
               +--------+--------+--------+--------+--------+-----+--------+
         Total |   1362 |   1250 |    112 |    273 |    749 |   2 |  681.0 |
       Dungeon |   1362 |   1250 |    112 |    273 |    749 |   2 |  681.0 |
               +--------+--------+--------+--------+--------+-----+--------+

Top non-repeatable levels by time:
     D:1: 1102 daAuts
     D:2: 260 daAuts
